 Dungeon Crawl Stone Soup version 0.28-a0-687-gb91baff9cc (webtiles) character file.

Game seed: 1656125235492622026

331 lunkers the Magician (level 6, 0/48 HPs)
             Began as a Djinni Cinder Acolyte on Oct 19, 2021.
             Was a High Priest of Ignis.
             Slain by a wight (7 damage)
             ... on level 4 of the Dungeon on Oct 20, 2021.
             The game lasted 00:05:53 (4765 turns).

lunkers the Magician (Djinni Cinder Acolyte)        Turns: 4765, Time: 00:05:54

Health: 0/48       AC:  2    Str: 13    XL:     6   Next: 81%
Gold:   180        EV: 11    Int: 17    God:    Ignis [*****.] SH:  0 Dex:  9

rFire   + + +      SeeInvis .   k - +4 morningstar
rCold   x . .      Faith    .   (no shield)
rNeg    . . .      Spirit   .   b - +0 robe
rPois   ∞          Reflect  .   (no helmet)
rElec   .          Harm     .   (no cloak)
rCorr   .          Rampage  .   (no gloves)
Will    .....                   (boots unavailable)
Stlth   +.........              (no amulet)
HPRegen 0.16/turn               (no ring)
MPRegen 0.00/turn               (no ring)

@: flying, very slightly contaminated
A: sickness immunity, fire resistance 2, cold vulnerability 1, float, innate
caster, hp casting, extra vitality 1
a: Renounce Religion, Sea of Fire, Foxfire Swarm, Rising Flame


You were on level 4 of the Dungeon.
You worshipped Ignis.
Ignis was extremely pleased with you.
You visited 1 branch of the dungeon, and saw 4 of its levels.

You collected 180 gold pieces.

Inventory:

Hand Weapons
 a - a -1 short sword of flaming
 k - a +4 morningstar (weapon)
Armour
 b - a +0 robe (worn)
Scrolls
 d - 4 scrolls of teleportation {unknown}
 f - a scroll of brand weapon {unknown}
 g - 4 scrolls of identify {unknown}
Potions
 c - a potion of resistance {unknown}
 e - 4 potions of heal wounds {unknown}
 h - a potion of haste {unknown}
 i - a potion of might
 j - 2 potions of lignification {unknown}


   Skills:
 + Level 4.6 Fighting
 - Level 2.6 Short Blades
 * Level 4.7 Spellcasting


You had 9 spell levels left.
You knew the following spells:

 Your Spells              Type           Power      Damage    Failure   Level
a - Pain                  Necr           80%        1d8       1%          1
b - Searing Ray           Conj           40%        2d5       3%          2
p - Scorch                Fire           40%        2d7       3%          2
Your spell library was empty.

Dungeon Overview and Level Annotations

Branches:
Dungeon (4/15)
 Temple: D:4-7

Altars:
Gozag

Annotations:
D:3 2 runed translucent doors
D:4 3 runed translucent doors, BigDaddyOpFi's ghost, novice GnBe; cheechan's ghost, amateur GrCK


Innate Abilities, Weirdness & Mutations

You are immune to sickness and miasma.
You are immune to poison.
Your flesh is very heat resistant. (rF++)
You are vulnerable to cold. (rC-)
You float through the air rather than walking.
You learn spells naturally, not from books.
Your magical power is your life essence.
You have superior vitality. (+4 HP)


Message History

Flames lash the wight.
The wight is burned terribly!
The wight is moderately damaged.
The wight hits you with a +1 scimitar!
Casting: Scorch (safe; 3% risk of failure)
Press: ? - help, Q - select action, (/) - cycle Dir - look around, f - activate Flames lash the wight.
The wight is burned terribly!
The wight is severely damaged.
The wight hits you with a +1 scimitar!
* * * LOW HITPOINT WARNING * * *
Casting: Scorch (safe; 3% risk of failure)
Press: ? - help, Q - select action, (/) - cycle Dir - look around, f - activate Flames lash the wight.
The wight is burned terribly!
You destroy the wight!
* * * LOW HITPOINT WARNING * * *
Casting: Scorch (safe; 3% risk of failure)
Press: ? - help, Q - select action, (/) - cycle Dir - look around, f - activate Flames lash the wight.
The wight is heavily damaged.
The wight's fire resistance burns away.
* * * LOW HITPOINT WARNING * * *
Casting: Scorch (safe; 3% risk of failure)
Press: ? - help, Q - select action, (/) - cycle Dir - look around, f - activate You miscast Scorch.
You are very lightly contaminated with residual magic.
Nothing appears to happen.
* * * LOW HITPOINT WARNING * * *
The wight hits you with a +2 mace of protection!
* * * LOW HITPOINT WARNING * * *
Unknown command.
Unknown command.
The wight is no longer more vulnerable to fire.
Your magical contamination has completely faded away.
Casting: Scorch (safe; 3% risk of failure)
Press: ? - help, Q - select action, (/) - cycle Dir - look around, f - activate You miscast Scorch.
You are very lightly contaminated with residual magic.
Nothing appears to happen.
* * * LOW HITPOINT WARNING * * *
The wight hits you with a +2 mace of protection!
You die...

.##.........## ##)##
......####### ##.###
....### ##..# ....# #..#
....# ########).# ....#
##....#....# ....#
#.....(...## ....#
#.........## #. ...##
#....@z....## #.. ####
########....#####...
##8.....8## ##..........#
#:.......?# #..........
#P....$..P# ##.>...).##.
#⌠.......⌠# ##..#.....#
#P......W.####
##...#....##
###+++####..###..........#
#....................##..#


You could see a wight.

Vanquished Creatures
  3 wights (D:4)
  A bullfrog skeleton (D:4)
  A centaur skeleton (D:4)
  3 gnolls (D:4)
  2 adders
  An ufetubus (D:4)
  2 worms
  An orc (D:3)
  6 endoplasms
  5 giant cockroaches
  10 goblins
  11 hobgoblins
  11 jackals
  5 kobolds
  4 quokkas
  6 ball pythons
  7 bats
  2 frilled lizards
  7 rats
88 creatures vanquished.

Vanquished Creatures (others)
  3 withered plants (D:4)
3 creatures vanquished.

Grand Total: 91 creatures vanquished

Notes
Turn   | Place    | Note
-------+----------+-------------------------------------------
     0 | D:1      | lunkers the Djinni Cinder Acolyte began the quest for the
                  | Orb.
     0 | D:1      | Reached XP level 1. HP: 20/20 MP: 0/0
   128 | D:1      | Reached XP level 2. HP: 22/25 MP: 0/0
   223 | D:1      | Found an opulent altar of Gozag.
   565 | D:1      | Reached XP level 3. HP: 11/30 MP: 0/0
   565 | D:1      | Learned a level 1 spell: Pain
  1079 | D:1      | Found a faded altar of an unknown god.
  1692 | D:2      | Reached XP level 4. HP: 25/35 MP: 0/0
  2947 | D:3      | Found a large runed translucent door.
  2947 | D:3      | Found a large runed translucent door.
  3479 | D:3      | Reached XP level 5. HP: 35/41 MP: 0/0
  3479 | D:3      | Learned a level 2 spell: Searing Ray
  4163 | D:4      | Reached XP level 6. HP: 30/47 MP: 0/0
  4536 | D:4      | Found a runed translucent gate.
  4537 | D:4      | Found a runed translucent gate.
  4539 | D:4      | Found a runed translucent gate.
  4540 | D:4      | Noticed BigDaddyOpFi's ghost (novice GnBe)
  4541 | D:4      | Noticed cheechan's ghost (amateur GrCK)
  4765 | D:4      | Slain by a wight

Illustrated notes

Levels and vault maps discovered:
D:1:      dpeg_arrival_subterranean_lakeside_camping, layout_basic,
          dreamdust_ecumenical_altar_grove, st_stairs_3, minmay_hexomino_r4
D:2:      cheibrodos_greedy_goblins, layout_rooms
D:3:      layout_rooms, jmf_multi_god_temple2
D:4:      layout_layer_cave, gammafunk_ghost_cemetery, serial_shops,
          kennysheep_mini

Skill      XL: |  1  2  3  4  5 |
---------------+----------------+-----
Spellcasting   | 3 4 |  4.7
Fighting       | 4 |  4.6
Short Blades   | |  2.6

Action                   |  1- 3 |  4- 6 || total
-------------------------+-------+-------++-------
Melee: Short sword       |    62 |       ||    62
 Cast: Scorch            |    11 |    75 ||    86
       Pain              |    22 |    27 ||    49
Armor: Robe              |    15 |    14 ||    29
Dodge: Dodged            |    40 |    33 ||    73

Table legend: (Time is in decaauts)
 A = Elapsed time spent in this place.
 B = Non-inter-level travel time spent in this place.
 C = Inter-level travel time spent in this place.
 D = Time resting spent in this place.
 E = Time spent auto-exploring this place.
 F = Levels seen in this place.
 G = Mean time per level.
                   A        B        C        D        E       F      G
               +--------+--------+--------+--------+--------+-----+--------+
         Total |   4765 |   4699 |     66 |    772 |   3434 |   4 | 1191.2 |
       Dungeon |   4765 |   4699 |     66 |    772 |   3434 |   4 | 1191.2 |
               +--------+--------+--------+--------+--------+-----+--------+

Top non-repeatable levels by time:
     D:1: 1516 daAuts
     D:2: 1272 daAuts
     D:3: 1131 daAuts
     D:4: 845 daAuts
